 Dungeon Crawl Stone Soup version 0.19-a0-1692-g68728bb (webtiles) character file.

260 Psiweapon the Chopper (level 6, 0/53 HPs)
             Began as a Hill Orc Fighter on Sept 26, 2016.
             Slain by an orc wizard
             ... wielding a +0 dagger
              (2 damage)
             ... on level 4 of the Dungeon.
             The game lasted 00:08:08 (2536 turns).

Psiweapon the Chopper (Hill Orc Fighter)            Turns: 2536, Time: 00:08:09

Health: 0/53       AC: 11    Str: 21    XL:     6   Next: 17%
Magic:  6/6        EV:  5    Int:  8    God:
Gold:   199        SH:  0    Dex: 10    Spells: 0 memorised, 5 levels left

rFire  . . .     SeeInvis .     a - +0 war axe
rCold  . . .     Gourm    .     l - +0 chain mail
rNeg   . . .     Faith    .     c - +0 shield
rPois  .         Spirit   .     (no helmet)
rElec  .         Dismiss  .     (no cloak)
rCorr  .         Reflect  .     k - +0 pair of gloves
MR     .....     Harm     .     (no boots)
Stlth  ..........               (no amulet)
                                (no ring)
                                (no ring)

@: confused, lethally poisoned (0 -> -9), exhausted, flying, slowed, very slow
A: no striking features
a: no special abilities


You were on level 4 of the Dungeon.
You were hungry.

You visited 1 branch of the dungeon, and saw 4 of its levels.

You collected 199 gold pieces.

Inventory:

Hand Weapons
 a - a +0 war axe (weapon)
Missiles
 j - 134 stones (quivered)
 n - 30 sling bullets
Armour
 b - a +0 scale mail
 c - a +0 shield (worn)
 k - a +0 pair of gloves (worn)
 l - a +0 chain mail (worn)
Wands
 y - a wand of lightning (13/15)
Scrolls
 e - a scroll of recharging
 g - a scroll of magic mapping {unknown}
 h - a scroll of blinking {unknown}
 i - 6 scrolls of identify
 q - a scroll of remove curse {unknown}
 t - a scroll of enchant armour {unknown}
 u - a scroll of teleportation {unknown}
Potions
 d - a potion of might
 s - a potion of degeneration {unknown}
 v - a potion of lignification {unknown}
 x - a potion of cure mutation {unknown}
 z - a potion of curing {unknown}
Comestibles
 f - 3 bread rations
 m - a slice of pizza
 o - a meat ration
 w - 3 chunks of flesh


   Skills:
 + Level 4.4 Fighting
 + Level 5.8 Axes
 + Level 0.1 Throwing
 + Level 4.1 Armour
 + Level 0.4 Dodging
 + Level 0.3 Stealth
 + Level 4.3 Shields
 + Level 0.2 Evocations


You had 5 spell levels left.
You didn't know any spells.

Dungeon Overview and Level Annotations

Branches:
Dungeon (4/15)
 Temple: D:4-7

Altars:
Fedhas
Nemelex Xobeh
Qazlal


Message History

You feel sick.
The orc wizard hits you but does no damage.
You bump into the rock wall.
* * * LOW HITPOINT WARNING * * *
You feel sick.
You feel your anger subside.
You are no longer berserk.
You are exhausted.
You feel yourself slow down.
You are feeling hungry.
* * * LOW HITPOINT WARNING * * *
You feel sick.
The orc wizard hits you but does no damage.
* * * LOW HITPOINT WARNING * * *
You feel sick.
The orc wizard hits you but does no damage.
* * * LOW HITPOINT WARNING * * *
You feel sick. The orc wizard hits you with a dagger.
* * * LOW HITPOINT WARNING * * *
The orc wizard hits you with a dagger.
You die...

#.# ##.## .# #...
.## #..# ..##
#..# ... #..# ..
#..# .#
#.o#####.###.##
#.@)(...).....#
###.######).###..
##...## ..#
##.....## ..#
#.......# ..#
#.......# .o#
#.......# ..#
##.....## ..#
##...##


You could see an orc wizard.

Vanquished Creatures
  A scorpion (D:4)
  An orc priest (D:4)
  A bullfrog skeleton (D:4)
  7 adders
  An ooze (D:2)
  A worm (D:2)
  2 leopard geckos (D:2)
  4 orcs
  4 giant cockroaches
  8 goblins
  9 hobgoblins
  2 quokkas (D:3)
  8 bats
  7 frilled lizards
  12 kobolds
  8 rats
  2 fungi (D:3)
78 creatures vanquished.

Notes
Turn   | Place    | Note
-------+----------+-------------------------------------------
     0 | D:1      | Psiweapon the Hill Orc Fighter began the quest for the Orb.
     0 | D:1      | Reached XP level 1. HP: 19/19 MP: 1/1
   116 | D:1      | Reached XP level 2. HP: 27/27 MP: 2/2
   143 | D:1      | Reached skill level 3 in Axes
   500 | D:1      | Reached XP level 3. HP: 30/33 MP: 3/3
   875 | D:2      | Found a stormy altar of Qazlal.
  1134 | D:2      | Reached XP level 4. HP: 39/40 MP: 4/4
  1450 | D:2      | Reached skill level 4 in Axes
  1770 | D:2      | Reached XP level 5. HP: 45/46 MP: 5/5
  2153 | D:4      | Reached skill level 5 in Axes
  2210 | D:3      | Found a sparkling altar of Nemelex Xobeh.
  2456 | D:4      | Found a blossoming altar of Fedhas.
  2530 | D:4      | Reached XP level 6. HP: 13/53 MP: 6/6
  2536 | D:4      | HP: 2/53 [orc wizard/dagger (1)]
  2536 | D:4      | Slain by an orc wizard

Vault maps used:
D:1:      lemuel_arrival_river_ford, st_stairs_11
D:2:      nicolae_qazlal_general_emergency, moated_statue
D:3:      lemuel_round_altar, first_bread, minmay_gold_behind_fungi,
          minmay_misc_feat_tower, minivault_5
D:4:      lemuel_doored_altar, ashenzari_conservatory_becter,
          minmay_goblin_kobold_house, uniq_eustachio

Skill      XL: |  1  2  3  4  5 |
---------------+----------------+-----
Axes           | 3 4 5 |  5.8
Fighting       | 4 |  4.4
Shields        | 4 |  4.3
Armour         | 4 |  4.1
Throwing       | |  0.1
Dodging        | |  0.4
Stealth        | |  0.3
Evocations     | |  0.2

Action                   |  1- 3 |  4- 6 || total
-------------------------+-------+-------++-------
Melee: War axe           |   141 |   146 ||   287
Throw: Stone             |       |     3 ||     3
Evoke: Wand              |       |     3 ||     3
  Use: Scroll            |       |     2 ||     2
       Potion            |       |     2 ||     2
  Eat: Chunk             |     1 |     5 ||     6
Armor: Scale mail        |    21 |       ||    21
       Chain mail        |    58 |    84 ||   142
Dodge: Dodged            |    35 |    30 ||    65
Block: Shield            |    61 |    71 ||   132
